Map: Lightshade LE

Players

MaxPax - Winner!

  • Race: Protoss Protoss
  • Spawn Location: 5:00

SpeCial

  • Race: Terran Terran
  • League: Master
  • Spawn Location: 11:00

Event: ASUS ROG Online 2020

VOD

Have the link to the VOD?

Description

Time

  • Played on: Nov. 27, 2020, 10:59 a.m.
  • Length: 13:52

All games in this series

Show
View Real Time Build Order
Export as new Build Order

MaxPax Protoss - Winner!

Build Orders: 1 Gate Expand, Dark Templar Rush 

Get SALT Encoding   

  12  0:00  Probe  
  13  0:12  Probe  
  14  0:16  Pylon  
  14  0:24  Probe (Chrono Boost)  
  16  0:36  Probe (Chrono Boost)  
  16  0:38  Gateway  
  16  0:42  Probe (Chrono Boost)  
  16  0:46  Assimilator  
  17  0:51  Probe  
  18  1:03  Probe  
  19  1:15  Probe  
  20  1:25  Cybernetics Core  
  20  1:33  Nexus  
  20  1:35  Probe  
  21  1:42  Pylon  
  21  1:49  Assimilator  
  21  1:50  Probe  
  22  1:58  Adept (Chrono Boost)  
  22  2:02  Probe  
  22  2:04  Warp Gate  
  25  2:14  Probe  
  26  2:18  Adept (Chrono Boost)  
  28  2:26  Twilight Council, Probe  
  29  2:38  Probe  
  30  2:46  Probe  
  30  2:50  Probe  
  30  2:51  Robotics Facility  
  32  2:58  Adept, Probe  
  35  3:02  Probe  
  36  3:10  Probe  
  37  3:14  Probe  
  38  3:22  Dark Shrine, Probe  
  38  3:23  Gateway  
  38  3:26  Probe  
  40  3:30  Pylon  
  40  3:33  Pylon  
  40  3:36  Probe  
  41  3:43  Warp Prism (Chrono Boost)  
  43  3:56  Probe  
  43  3:57  Probe  
  43  3:58  Gateway  
  45  4:03  Stalker  
  45  4:08  Probe  
  45  4:09  Probe  
  49  4:17  Assimilator  
  49  4:18  Assimilator  
  49  4:20  Probe  
  49  4:21  Probe  
  51  4:30  Pylon  
  51  4:32  Probe  
  51  4:33  Probe  
  51  4:36  Dark Templar x2  
  56  4:44  Probe  
  56  4:45  Observer (Chrono Boost)  
  57  4:48  Probe  
  56  4:56  Stalker, Probe  
  56  5:00  Probe  
  55  5:08  Probe  
  55  5:10  Dark Templar x2  
  55  5:12  Probe  
  59  5:20  Probe  
  60  5:23  Nexus  
  60  5:24  Probe  
  60  5:25  Pylon  
  61  5:32  Probe  
  62  5:36  Probe  
  62  5:37  Charge (Chrono Boost)  
  62  5:41  Robotics Bay  
  61  5:44  Probe  
  61  5:48  Probe  
  63  5:51  Zealot x3  
  63  5:56  Gateway  
  63  5:57  Probe  
  70  5:59  Forge  
  70  6:00  Probe  
  71  6:07  Gateway  
  71  6:09  Probe  
  72  6:15  Gateway, Probe  
  73  6:18  Shield Battery  
  73  6:22  Sentry x2  
  77  6:25  Probe  
  77  6:27  Protoss Ground Weapons Level 1 (Chrono Boost), Pylon  
  77  6:29  Shield Battery  
  78  6:34  Gateway  
  78  6:35  Observer  
  78  6:36  Probe  
  80  6:44  Probe (Chrono Boost)  
  80  6:46  Stalker x2  
  85  6:49  Shield Battery  
  85  6:50  Probe (Chrono Boost)  
  85  6:52  Probe (Chrono Boost)  
  87  6:56  Probe (Chrono Boost)  
  88  7:03  Stalker x2  
  88  7:05  Probe x2 (Chrono Boost)  
  88  7:08  Stalker  
  96  7:17  Stalker x2  
  96  7:18  Probe  
  96  7:21  Colossus (Chrono Boost)  
  95  7:23  Probe x2  
  101  7:33  Pylon  
  101  7:40  Pylon  
  101  7:45  Pylon  
  101  7:55  Dark Templar x3  
  107  7:59  Observer, Dark Templar  
  107  8:00  Pylon  
  107  8:02  Archon  
  107  8:03  Archon  
  107  8:05  Probe x3  
  111  8:08  Assimilator  
  111  8:10  Assimilator  
  112  8:14  Zealot x3, Colossus (Chrono Boost), Pylon  
  112  8:17  Probe  
  125  8:20  Observer  
  125  8:22  Probe  
  125  8:25  Photon Cannon  
  125  8:26  Probe  
  127  8:32  Pylon  
  127  8:38  Dark Templar x2  
  127  8:39  Zealot x3  
  137  8:43  Archon  
  126  8:57  Colossus (Chrono Boost), Probe  
  126  9:01  Probe  
  127  9:04  Probe  
  126  9:10  Zealot x3, Probe  
  126  9:13  Probe  
  126  9:16  Probe  
  133  9:19  Protoss Ground Weapons Level 2 (Chrono Boost)  
  133  9:22  Pylon  
  133  9:32  Pylon  
  133  9:35  Zealot x5  
  143  9:40  Zealot x2  
  143  9:43  Probe  
  143  9:44  Probe  
  145  9:55  Observer (Chrono Boost)  
  145  9:59  Probe  
  134  10:09  Zealot x6  
  134  10:13  Colossus (Chrono Boost)  
  136  10:16  Pylon  
  138  10:28  Photon Cannon  
  138  10:29  Robotics Bay, Templar Archives  
  138  10:30  Shield Battery  
  138  10:33  Dark Templar  
  140  10:42  Shield Battery, Dark Templar  
  140  10:43  Dark Templar x3  
  146  10:50  Archon x2  
  146  10:53  Nexus  
  146  11:00  Shadow Stride (Chrono Boost)  
  146  11:01  Robotics Facility  
  144  11:09  High Templar  
  144  11:10  High Templar  
  146  11:12  Probe x3  
  146  11:15  Pylon  
  146  11:16  Archon, High Templar x2  
  153  11:22  Archon  
  153  11:24  Probe x2  
  155  11:27  Disruptor (Chrono Boost)  
  155  11:30  Probe  
  155  11:32  Photon Cannon  
  159  11:33  Zealot x3  
  159  11:39  Shield Battery  
  164  11:42  Shield Battery  
  164  11:43  Pylon  
  164  11:53  Zealot x2  
  164  11:54  Zealot x2  
  176  11:55  Disruptor x2 (Chrono Boost)  
  174  12:01  Extended Thermal Lance (Chrono Boost)  
  171  12:22  Pylon  
  171  12:23  Pylon  
  171  12:27  Disruptor  
  171  12:41  Disruptor  
  171  12:42  Pylon  
  150  12:58  Zealot x3  
  150  12:59  Zealot x4  
  109  13:21  Dark Templar x3  
  109  13:22  Zealot x2  
  109  13:24  Zealot x2  
Show
View Real Time Build Order
Export as new Build Order

SpeCial Terran 

Build Orders: Banshee Rush 

Get SALT Encoding   

  12  0:00  SCV  
  13  0:12  SCV  
  14  0:17  Supply Depot  
  14  0:24  SCV  
  15  0:38  SCV  
  15  0:40  Barracks  
  16  0:44  Refinery  
  16  0:50  SCV  
  17  1:03  SCV  
  18  1:15  SCV  
  19  1:27  Orbital Command, Marine  
  20  1:41  Command Center  
  20  1:53  Factory  
  20  1:57  SCV  
  21  2:06  Barracks Reactor  
  21  2:09  SCV  
  21  2:14  Supply Depot  
  22  2:17  Refinery  
  22  2:21  SCV  
  23  2:35  SCV  
  24  2:43  Starport  
  24  2:46  Hellion x2  
  24  2:48  SCV  
  29  2:51  Barracks Tech Lab  
  29  2:56  Orbital Command  
  28  3:01  SCV  
  29  3:13  SCV  
  30  3:21  Widow Mine  
  30  3:23  SCV, Marine x2  
  36  3:27  SCV  
  36  3:28  Cloaking Field  
  36  3:30  Banshee  
  39  3:37  SCV  
  39  3:39  SCV  
  39  3:41  Marine x2  
  39  3:44  Supply Depot  
  39  3:45  Factory Tech Lab  
  41  3:50  SCV  
  41  3:51  SCV  
  43  3:59  Marine x2  
  43  4:02  SCV  
  46  4:06  SCV  
  47  4:12  Supply Depot  
  47  4:14  Cyclone, SCV  
  47  4:15  Viking  
  53  4:18  SCV  
  53  4:20  Bunker  
  54  4:31  Bunker  
  54  4:33  SCV x2, Marine x2  
  58  4:41  Supply Depot  
  58  4:45  SCV x2  
  58  4:51  Marine  
  58  4:52  Raven  
  62  4:57  SCV  
  62  4:58  Marine  
  61  5:03  Supply Depot  
  61  5:07  SCV  
  61  5:09  Marine  
  61  5:10  SCV  
  61  5:13  Siege Tank  
  66  5:16  Marine  
  66  5:19  SCV  
  68  5:26  Marine  
  69  5:32  Command Center  
  66  5:38  Banshee  
  66  5:41  SCV  
  70  5:49  SCV  
  71  5:53  SCV  
  71  5:56  Marine  
  73  6:01  SCV  
  74  6:05  SCV  
  74  6:09  Barracks  
  75  6:12  Factory Reactor  
  75  6:13  SCV  
  75  6:17  SCV  
  75  6:18  Supply Depot, Barracks  
  77  6:21  Marine  
  78  6:32  Starport Reactor  
  78  6:36  Supply Depot, Refinery  
  78  6:37  Refinery, SCV x2, Marine  
  81  6:48  Barracks, Marine  
  81  6:49  Barracks  
  81  6:50  Orbital Command  
  81  6:52  Widow Mine x2  
  86  6:55  Engineering Bay, SCV, Marine  
  86  6:57  SCV  
  86  6:58  Stimpack  
  89  7:03  Marauder  
  89  7:07  SCV  
  92  7:13  Supply Depot, SCV  
  92  7:14  Supply Depot  
  93  7:18  Marine x2  
  93  7:22  Marauder  
  97  7:24  Medivac x2  
  97  7:27  Terran Infantry Weapons Level 1  
  97  7:29  Supply Depot  
  101  7:33  Widow Mine x2  
  105  7:37  Barracks Reactor, Barracks Tech Lab  
  105  7:40  Marine  
  105  7:41  Marine  
  107  7:44  Marauder  
  107  7:47  Marauder  
  107  7:48  Combat Shield, Missile Turret  
  111  7:52  SCV x3  
  111  7:55  Supply Depot  
  111  7:58  Medivac  
  116  8:02  Medivac  
  118  8:06  Supply Depot, Marine x4  
  118  8:08  Marine  
  123  8:13  Armory  
  123  8:14  SCV  
  123  8:16  Orbital Command  
  123  8:19  SCV  
  125  8:24  Marine  
  126  8:30  Marine x2  
  126  8:31  Marauder x2  
  126  8:32  Marauder  
  134  8:35  Engineering Bay, Supply Depot  
  134  8:38  SCV x2  
  134  8:40  Widow Mine  
  134  8:41  Widow Mine  
  139  8:50  SCV x2  
  139  8:53  Marine x2  
  137  9:00  Viking x2  
  138  9:03  Marine x2  
  138  9:04  Marine  
  138  9:05  Marauder  
  138  9:07  SCV  
  144  9:13  Orbital Command  
  145  9:19  SCV x2  
  143  9:26  Starport  
  143  9:30  Marine x5  
  143  9:31  Marauder x2  
  149  9:33  Viking  
  149  9:37  Viking  
  148  10:02  Viking  
  148  10:06  Ghost Academy  
  148  10:07  Viking  
  148  10:08  Marine  
  148  10:11  Marine x2  
  150  10:14  Marine  
  139  10:22  Terran Infantry Weapons Level 2  
  139  10:23  Terran Infantry Armor Level 1  
  139  10:31  Supply Depot x2  
  139  10:32  Viking  
  141  10:36  Ghost  
  141  10:37  Viking  
  141  10:41  Ghost  
  144  10:45  Marine x2  
  145  10:51  Ghost  
  145  11:00  Marine  
  145  11:02  Viking  
  144  11:16  Enhanced Shockwaves, Marine x2  
  144  11:17  Marine x2  
  148  11:27  Marauder, Marine x2  
  152  11:34  Marine x2  
  152  11:35  Marauder  
  152  11:38  Marine  
  157  11:44  Viking  
  157  11:45  Marauder, Marine  
  162  11:51  Viking  
  164  12:01  Marauder, Marine  
  166  12:15  Supply Depot  
  166  12:17  Marauder  
  166  12:19  Viking  
  155  12:47  Marine  
  155  12:48  Marauder  
  155  12:49  Viking x2  
  157  12:56  Marauder, Marine  
  140  13:01  Marine  
  140  13:02  Marauder  
  133  13:07  Marine  
  133  13:09  Marauder  
  116  13:14  Marine x2  
  116  13:17  Marauder  
  113  13:20  Marine  
  113  13:23  Marauder  
  112  13:30  Marine  
  112  13:31  Marauder  
Tags
 
Add a new tag
Caveats
  • Supply blocks, unpowered buildings, or Contaminate may cause inaccurate times.
  • Supply counts are checked every 10 seconds.